 Dungeon Sprint DCSS version 0.29-a0-384-g6960b1960d (webtiles) character file.

Game seed: 17588173227129171050

4886 mhtbhm the Severer (level 10, -1/108 HPs)
             Began as a Minotaur Berserker on May 7, 2022.
             Was the Champion of Trog.
             Slain by a dire elephant (3 damage)
             ... called by a spriggan druid
             ... in the Dungeon (Sprint VII: "The Pits").
             The game lasted 00:02:36 (1858 turns).

mhtbhm the Severer (Minotaur Berserker)             Turns: 1858, Time: 00:02:37

Health: -1/108     AC: 17    Str: 25    XL:     10   Next: 26%
Magic:  9/9        EV: 11    Int:  4    God:    Trog [******]
Gold:   0          SH:  0    Dex: 11    Spells: 9/9 levels left

rFire   . . .      SeeInvis .   a - +3 executioner's axe (flame)
rCold   . . .      Faith    .   (shield currently unavailable)
rNeg    . . .      Spirit   .   b - +4 chain mail
rPois   .          Reflect  .   (helmet restricted)
rElec   .          Harm     .   (no cloak)
rCorr   .          Rampage  .   p - +0 pair of gloves
Will    .....      NoTele   +   (no boots)
Stlth   ..........              (no amulet)
HPRegen 0.28/turn               (no ring)
MPRegen 0.11/turn               (no ring)

@: on berserk cooldown, slowed, very slow
A: horns 2, retaliatory headbutt
a: Renounce Religion, Berserk, Trog's Hand, Brothers in Arms


You were in the Dungeon.
You worshipped Trog.
Trog was exalted by your worship.
You visited 1 branch

Inventory:

Hand Weapons
 a - a +3 executioner's axe of flaming (weapon)
Missiles
 l - 7 poisoned darts
 q - 2 curare-tipped darts (quivered)
Armour
 b - a +4 chain mail (worn)
 p - a +0 pair of gloves (worn)
Jewellery
 m - a +3 ring of evasion
 n - a +3 ring of strength
Scrolls
 h - a scroll of blinking
 j - a scroll of summoning
Potions
 c - 6 potions of curing
 d - 13 potions of heal wounds
 e - a potion of haste
 f - 4 potions of magic
 g - 3 potions of berserk rage
 i - 2 potions of invisibility
 k - 2 potions of degeneration {unknown}
 o - a potion of mutation


   Skills:
 + Level 16.7 Fighting
 + Level 18.6 Axes
 + Level 12.0 Armour
 + Level 8.9 Dodging
 + Level 2.0 Stealth


You had 9 spell levels left.
You didn't know any spells.
Your spell library was empty.

Dungeon Overview and Level Annotations

Branches:
Dungeon (1/1)

Altars:
Cheibriados
Dithmenos
Elyvilon
Fedhas
Gozag
Hepliaklqana
Makhleb
Nemelex Xobeh
Okawaru
Qazlal
Ru
Sif Muna
Trog
Wu Jian
Xom
Yredelemnul
Zin
The Shining One
Jiyva


Innate Abilities, Weirdness & Mutations

You have a pair of horns on your head.
You reflexively headbutt those who attack you in melee.


Message History

The crimson imp blinks!
The redback bites your troll!
A redback comes into view.
The death yak gores you but does no damage.
The crimson imp completely misses you.
Your troll barely misses the redback. x2
Your troll closely misses the redback.
Unknown command.
The redback bites your troll!
Your troll looks as sick as possible!
The redback poisons your troll!
Your troll bites the redback!!
Your troll claws the redback!
The redback dies!
Trog accepts your kill.
An elephant comes into view.
The death yak gores you!
The crimson imp hits you but does no damage.
Your troll barely misses the death yak.
Your troll claws the death yak. x2
Your Armour skill increases to level 12!
Your Stealth skill increases to level 2!
You barely miss the death yak.
The iguana hisses angrily.
You headbutt the death yak!
The death yak is moderately wounded.
You miss the crimson imp. You barely miss the dire elephant.
The redback barely misses your troll.
Your troll barely misses the death yak.
Your troll claws the death yak but does no damage.
Your troll claws the death yak!
The dire elephant tramples you!!
* * * LOW HITPOINT WARNING * * *
You hold your ground!
The dire elephant trunk-slaps you.
* * * LOW HITPOINT WARNING * * *
The crimson imp hits you but does no damage.
The death yak gores you!
* * * LOW HITPOINT WARNING * * *
The redback bites your troll.
Your troll barely misses the redback.
Your troll claws the redback.
Your troll claws the redback!
An elephant comes into view.
The crimson imp hits you but does no damage.
The death yak gores you.
* * * LOW HITPOINT WARNING * * *
The dire elephant tramples you.
You die...

#### ########
#####
##..)...###...##
..
#..#'#.........##
#..
..##.##.....#...#
#...
.##...##...###..#
#....
##.....##.##
##s###.....
#......#...#
#..T#HM....
)......+...+
+.5@Yix.l..
#......#...#
#.SY#z..Y..
##.....##.##
##.###.....
##...## #..#
#...Y ##.## #...#
#... #+# ....##
#.. #...# .. ####


You could see a dire elephant, a death yak, 2 elephants, a manticore, a spriggan
druid, a water moccasin, a redback (distracted, ally target), a small
abomination, a flying skull, a mummy, an iguana, a crimson imp and a friendly
troll (summoned, berserk, extremely poisoned).

Vanquished Creatures
  Sonja (D)
  A sixfirhy (D)
  A spriggan druid (D)
  A freezing wraith (D)
  A demonic crawler (D)
  A guardian mummy (D)
  A tyrant leech (D)
  A tarantella (D)
  Grinder (D)
  A shadow (D)
  A ynoxinul (D)
  3 wyverns (D)
  A water moccasin (D)
  2 floating eyes (D)
  A black bear (D)
  A swamp drake (D)
  A kobold brigand (D)
  A gnoll sergeant (D)
  A scorpion (D)
  A quasit (D)
  A jelly (D)
  An iron imp (D)
  A hell rat (D)
  4 gnolls (D)
  2 adders (D)
  An ufetubus (D)
  2 worms (D)
  3 orcs (D)
  A giant cockroach (D)
  A hobgoblin (D)
  A quokka (D)
  A ball python zombie (D)
  A frilled lizard (D)
  2 rats (D)
45 creatures vanquished.

Vanquished Creatures (collateral kills)
  An ice devil (D)
  A redback (D)
2 creatures vanquished.

Vanquished Creatures (others)
  An iguana (D)
1 creature vanquished.

Grand Total: 48 creatures vanquished

Notes
Turn   | Place    | Note
-------+----------+-------------------------------------------
     0 | D        | mhtbhm the Minotaur Berserker began the quest for the Orb.
     0 | D        | Reached XP level 1. HP: 19/19 MP: 0/0
    13 | D        | Reached skill level 4 in Axes
    13 | D        | Reached XP level 2. HP: 28/28 MP: 1/1
    49 | D        | Noticed a scorpion
    56 | D        | Killed a scorpion
    57 | D        | Reached skill level 7 in Axes
    57 | D        | Reached XP level 3. HP: 12/38 MP: 2/2
    59 | D        | Reached ** piety under Trog
   272 | D        | Noticed a floating eye
   274 | D        | Killed a floating eye
   275 | D        | Reached skill level 9 in Axes
   275 | D        | Reached XP level 4. HP: 49/49 MP: 3/3
   275 | D        | Reached XP level 5. HP: 56/56 MP: 4/4
   324 | D        | Noticed a floating eye
   328 | D        | Paralysed by a floating eye for 3 turns
   332 | D        | Killed a floating eye
   333 | D        | Reached skill level 10 in Axes
   333 | D        | Reached skill level 5 in Armour
   333 | D        | Reached skill level 5 in Dodging
   333 | D        | Reached XP level 6. HP: 66/66 MP: 5/5
   335 | D        | Reached *** piety under Trog
   344 | D        | Reached **** piety under Trog
   436 | D        | Found a bloodstained altar of Trog.
   436 | D        | Found a shimmering blue altar of Sif Muna.
   436 | D        | Found a viscous altar of Jiyva.
   436 | D        | Found a hazy altar of Hepliaklqana.
   436 | D        | Found an opulent altar of Gozag.
   460 | D        | Noticed Grinder
   466 | D        | Reached skill level 10 in Fighting
   468 | D        | Killed Grinder
   469 | D        | Reached skill level 11 in Axes
   474 | D        | Reached skill level 12 in Axes
   474 | D        | Reached XP level 7. HP: 74/74 MP: 6/6
   476 | D        | Reached ***** piety under Trog
   543 | D        | Noticed a tarantella
   559 | D        | Killed a tarantella
   560 | D        | Reached skill level 13 in Axes
   733 | D        | Reached XP level 8. HP: 54/85 MP: 7/7
   735 | D        | Reached ****** piety under Trog
   936 | D        | Noticed a sixfirhy
   944 | D        | Killed a sixfirhy
   945 | D        | Reached skill level 15 in Axes
  1079 | D        | Found a glowing golden altar of the Shining One.
  1079 | D        | Found a glowing silver altar of Zin.
  1079 | D        | Found a basalt altar of Yredelemnul.
  1079 | D        | Found a shimmering altar of Xom.
  1079 | D        | Found an ornate altar of the Wu Jian Council.
  1079 | D        | Found a sacrificial altar of Ru.
  1079 | D        | Found a stormy altar of Qazlal.
  1079 | D        | Found an iron altar of Okawaru.
  1079 | D        | Found a sparkling altar of Nemelex Xobeh.
  1079 | D        | Found a burning altar of Makhleb.
  1079 | D        | Found a blossoming altar of Fedhas.
  1079 | D        | Found a white marble altar of Elyvilon.
  1079 | D        | Found a shadowy altar of Dithmenos.
  1079 | D        | Found a snail-covered altar of Cheibriados.
  1104 | D        | Noticed a tyrant leech
  1109 | D        | Received a gift from Trog
  1116 | D        | Killed a tyrant leech
  1117 | D        | Reached XP level 9. HP: 58/96 MP: 8/8
  1255 | D        | Noticed Sonja
  1255 | D        | Noticed a demonic crawler
  1255 | D        | Noticed a guardian mummy
  1266 | D        | Killed Sonja
  1267 | D        | Reached skill level 15 in Fighting
  1267 | D        | Reached skill level 16 in Axes
  1270 | D        | Reached skill level 10 in Armour
  1273 | D        | Killed a demonic crawler
  1273 | D        | Received a gift from Trog
  1274 | D        | Reached skill level 17 in Axes
  1275 | D        | Killed a guardian mummy
  1363 | D        | Noticed a freezing wraith
  1374 | D        | Killed a freezing wraith
  1378 | D        | Received a gift from Trog
  1828 | D        | Reached skill level 18 in Axes
  1828 | D        | Reached XP level 10. HP: 107/107 MP: 9/9
  1832 | D        | Noticed a spriggan druid
  1838 | D        | Killed a spriggan druid
  1839 | D        | Reached skill level 1 in Stealth
  1843 | D        | Noticed a spriggan druid
  1846 | D        | Noticed a death yak
  1850 | D        | Noticed a manticore
  1854 | D        | Noticed a dire elephant
  1857 | D        | Noticed an elephant
  1858 | D        | Noticed an elephant
  1858 | D        | HP: 2/108 [death yak (5)]
  1858 | D        | Slain by a dire elephant

Illustrated notes

Levels and vault maps discovered:
D:        pitsprint [storerooms_1, entrance_room_1, metal_vault_3, armoury_1,
          mini_pit_1, grid_room_1, main_hall_1, silver_pit, the_coven_1,
          the_vestibule_1, steel_vault_5, golden_pit, hallway_of_sentries,
          crystal_vault_2, iron_vault_3, final_vault]

Skill      XL: |  1  2  3  4  5  6  7  8  9 10 |
---------------+-------------------------------+-----
Fighting       | 4 6 8 9 11 12 14 16 | 16.7
Axes           | 4 7 9 10 12 13 15 18 | 18.6
Armour         | 3 4 5 6 7 9 11 12 | 12.0
Dodging        | 3 4 5 6 7 8 |  8.9
Stealth        | 2 |  2.0

Action                   |  1- 3 |  4- 6 |  7- 9 | 10-12 || total
-------------------------+-------+-------+-------+-------++-------
Melee: Hand axe          |    12 |    29 |    46 |       ||    87
       Headbutt          |       |     8 |    12 |     3 ||    23
       Punch             |       |     1 |     1 |       ||     2
       War axe           |       |       |    39 |       ||    39
       Executioner's axe |       |       |     3 |    12 ||    15
Invok: Berserk           |       |     1 |     2 |     1 ||     4
       Brothers in Arms  |       |       |       |     1 ||     1
  Use: Potion            |       |       |     1 |     2 ||     3
 Stab: Confused          |       |       |       |     2 ||     2
Armor: Animal skin       |     1 |       |       |       ||     1
       Plate armour      |       |     3 |    23 |       ||    26
       Chain mail        |       |       |    21 |    15 ||    36
Dodge: Dodged            |     6 |    16 |    39 |    14 ||    75

Table legend: (Time is in decaauts)
 A = Elapsed time spent in this place.
 B = Non-inter-level travel time spent in this place.
 C = Inter-level travel time spent in this place.
 D = Time resting spent in this place.
 E = Time spent auto-exploring this place.
 F = Levels seen in this place.
 G = Mean time per level.
                   A        B        C        D        E       F      G
               +--------+--------+--------+--------+--------+-----+--------+
         Total |   1865 |   1865 |      0 |   1380 |     68 |   1 | 1865.0 |
       Dungeon |   1865 |   1865 |      0 |   1380 |     68 |   1 | 1865.0 |
               +--------+--------+--------+--------+--------+-----+--------+

Top non-repeatable levels by time:
       D: 1865 daAuts
